 Dungeon Crawl Stone Soup version 0.29-a0-878-g7b45a56547 (webtiles) character file.

Game seed: 8122126783876895563

47 DungeonMaster the Magician (level 3, 0/24 HPs)
             Began as a Demonspawn Hedge Wizard on July 20, 2022.
             Slain by a hound (2 damage)
             ... on level 2 of the Dungeon.
             The game lasted 00:03:24 (2636 turns).

DungeonMaster the Magician (DsHW)                   Turns: 2636, Time: 00:03:25

Health: 0/24       AC:  4    Str: 10    XL:     3   Next: 48%
Magic:  1/8        EV: 12    Int: 17    God:
Gold:   39         SH:  0    Dex: 14    Spells: 3/9 levels left

rFire   . . .      SeeInvis .   a - +0 dagger
rCold   . . .      Faith    .   (no shield)
rNeg    . . .      Spirit   .   b - +0 robe
rPois   .          Reflect  .   n - +0 helmet
rElec   .          Harm     .   (no cloak)
rCorr   .          Rampage  .   g - +0 pair of gloves
Will    .....                   (no boots)
Stlth   +++.......              (no amulet)
HPRegen 0.08/turn               (no ring)
MPRegen 0.11/turn               (no ring)

@: hasted, very quick
A: thin skeletal structure 1, powered by death 1
a: no special abilities


You were on level 2 of the Dungeon.
You visited 1 branch of the dungeon, and saw 4 of its levels.

You collected 39 gold pieces.

Inventory:

Hand Weapons
 a - a +0 dagger (weapon)
Missiles
 j - 10 stones
 m - 3 javelins
Armour
 b - a +0 robe (worn)
 g - a +0 pair of gloves (worn)
 n - a +0 helmet (worn)
Wands
 i - a wand of roots (6)
Potions
 d - a potion of magic
 h - a potion of heal wounds
 k - a potion of curing {unknown}
 l - a potion of attraction {unknown}


   Skills:
 - Level 1.7 Dodging
 - Level 1.7 Stealth
 * Level 3.6 Spellcasting
 * Level 2.4 Conjurations
 - Level 1.0 Summonings
 - Level 0.8 Translocations
 * Level 0.3 Air Magic


You had 3 spell levels left.
You knew the following spells:

 Your Spells              Type           Power      Damage    Failure   Level
a - Magic Dart            Conj           44%        1d5       6%          1
c - Mephitic Cloud        Conj/Pois/Air  6%         N/A       32%         3
d - Blink                 Tloc           12%        N/A       17%         2

Your spell library contained the following spells:

 Spells                   Type           Power      Damage    Failure   Level
 Slow                     Hex            12%        N/A       16%         1
 Call Imp                 Summ           6%         N/A       16%         2
 Conjure Flame            Conj/Fire      7%         6-21      30%         3


Dungeon Overview and Level Annotations

Branches:
Dungeon (4/15)
 Temple: D:4-7

Altars:

Shops:
D:1 [


Innate Abilities, Weirdness & Mutations

You have a somewhat thin skeletal structure. (Dex +2, Stealth+)
You regenerate a little health from kills.


Message History

Confirm with . or Enter, or press ? or * to list all spells.
You don't have enough magic to cast this spell.
Casting: Magic Dart (safe; 6% risk of failure)
Confirm with . or Enter, or press ? or * to list all spells.
You don't have enough magic to cast this spell.
You hit the hound but do no damage.
The hound is severely wounded.
The hound closely misses you.
You hit the hound.
The hound is severely wounded.
The hound barely misses you. The hound bites you but does no damage.
You hit the hound.
The hound is almost dead.
The hound barely misses you.
You hit the hound but do no damage.
The hound is almost dead.
The hound bites you.
* * * LOW HITPOINT WARNING * * *
The hound bites you but does no damage.
Casting: Magic Dart (safe; 6% risk of failure)
Confirm with . or Enter, or press ? or * to list all spells.
Aiming: Magic Dart (safe; 6% risk of failure)
Press: ? - help, Shift-Dir - straight line, f/p - hound
Aim: a hound (almost dead, 100% to hit)
The magic dart hits the hound.
The hound is almost dead.
The hound bites you but does no damage.
Casting: Magic Dart (safe; 6% risk of failure)
Confirm with . or Enter, or press ? or * to list all spells.
You don't have enough magic to cast this spell.
The hound bites you but does no damage. The hound attacks as you move away!
The hound bites you.
* * * LOW HITPOINT WARNING * * *
As you read the scroll of identify, it crumbles to dust.
h - a potion of heal wounds The rat closely misses you.
You feel yourself speed up. The rat bites you.
* * * LOW HITPOINT WARNING * * *
The hound bites you.
You die...

.... .... #.#.
###..###..####. ##'#'
......#........ #.... #...#
##..>. ##.## #.######.....
###...### #...........
####.##.##.############.....
#..#......r#..#.#.# #.....
....#..8..#@...#.#### #.###+
..#..#...#h.#.....#.# #.#
..#...8...#.......####.#
##.##...##.###.....#.#.# #.
##.##.#.####....##.#
############.######
#######.#### ..........##.#
#....... .########.##.##
#.#.#### .# #.>†..# #.#.#


You could see a hound and a rat.

Vanquished Creatures
  A dart slug (D:1)
  5 endoplasms
  3 goblins
  3 hobgoblins
  7 jackals
  3 quokkas
  4 ball pythons
  3 bats
  4 frilled lizards
  3 kobolds (D:1)
  6 rats
42 creatures vanquished.

Notes
Turn   | Place    | Note
-------+----------+-------------------------------------------
     0 | D:1      | DungeonMaster the Demonspawn Hedge Wizard began the quest
                  | for the Orb.
     0 | D:1      | Reached XP level 1. HP: 13/13 MP: 4/4
   477 | D:1      | Gained mutation: You have a somewhat thin skeletal
                  | structure. (Dex +2, Stealth+) [demonic ancestry]
   477 | D:1      | Reached XP level 2. HP: 19/19 MP: 1/6
  1198 | D:1      | Found Ubemomp's Antique Armour Boutique.
  1549 | D:1      | Gained mutation: You regenerate a little health from kills.
                  | [demonic ancestry]
  1549 | D:1      | Reached XP level 3. HP: 24/24 MP: 0/8
  1861 | D:1      | Found a faded altar of an unknown god.
  1915 | D:2      | Learned a level 2 spell: Blink
  1919 | D:2      | Learned a level 3 spell: Mephitic Cloud
  1957 | D:2      | You fall into a shaft and drop 2 floors!
  2015 | D:4      | Noticed an ogre
  2636 | D:2      | Slain by a hound

Illustrated notes

Levels and vault maps discovered:
D:1:      lemuel_arrival_funnel, layout_loops_corners,
          shapermc_ecumenical_altar_mp_vishouse, serial_shops, shop,
          reono_crystal_passage, minmay_crystal_water, minmay_misc_feat_alley
D:2:      wad_crossroads, layout_basic
D:3:      layout_loops_ring, mainiacjoe_overflow_divided_tiny,
          gup_sewer_entry_bubbles
D:4:      layout_basic

Skill      XL: |  1  2 |
---------------+-------+-----
Conjurations   | 2 |  2.4
Dodging        | |  1.7
Stealth        | |  1.7
Spellcasting   | |  3.6
Summonings     | |  1.0
Translocations | |  0.8
Air Magic      | |  0.3

Action                   || total
-------------------------++-------
Melee: Dagger            ||    37
 Cast: Magic Dart        ||    97
  Use: Scroll            ||     4
       Potion            ||     1
Armor: Robe              ||    12
Dodge: Dodged            ||    33

Table legend: (Time is in decaauts)
 A = Elapsed time spent in this place.
 B = Non-inter-level travel time spent in this place.
 C = Inter-level travel time spent in this place.
 D = Time resting spent in this place.
 E = Time spent auto-exploring this place.
 F = Levels seen in this place.
 G = Mean time per level.
                   A        B        C        D        E       F      G
               +--------+--------+--------+--------+--------+-----+--------+
         Total |   2636 |   2599 |     37 |    387 |   1917 |   4 |  659.0 |
       Dungeon |   2636 |   2599 |     37 |    387 |   1917 |   4 |  659.0 |
               +--------+--------+--------+--------+--------+-----+--------+

Top non-repeatable levels by time:
     D:1: 1902 daAuts
     D:2: 382 daAuts
     D:3: 283 daAuts
     D:4: 67 daAuts
